AoeStats
← [TYN] Shamburger

Oasis

509723272Analyzed
3v3 RM · 5d ago on Sep 27, 2026· 44m 42s· 6 players
Game mode
Random Map
Map size
Normal (6 player)
Population
200
Speed
Normal
Resources
Standard
Victory
Conquest
Starting age
Dark Age
Ending age
Imperial Age
RankedLock teamsTeams togetherTeam positionsShared explorationLock speedFull tech treeHidden civsTurbo modeCheats
Victory
Defeat
🇩🇪 Varangians · Germany
1192
+15
🇨🇦 Turks · Canada
1165
+16
🇦🇷 Magyars · Argentina
1163
+16
🇨🇱 Hindustanis · Chile
1201
-17
🇨🇱 Italians · Chile
1158
-15
🇨🇱 Varangians · Chile
1154
-15
[TYN] Shamburger
5:09 Loom
10:05 Feudal Age
12:10 Double-Bit Axe
14:21 Scale Barding Armor
14:53 Bloodlines
15:59 Town Watch
18:09 Horse Collar
21:57 Castle Age
20:27 Gold Mining
20:27 Stone Mining
20:27 Gold Mining
20:27 Stone Mining
21:13 Stone Mining
22:09 Wheelbarrow
22:02 Light Cavalry
24:48 Husbandry
25:36 Hand Cart
25:21 Town Patrol
26:49 Chain Barding Armor
28:31 Hand Cart
30:54 Corvinian Army
33:42 Town Patrol
37:32 Imperial Age
38:54 Plate Barding Armor
37:42 Cavalier
38:31 Recurve Bow
39:14 Caravan
40:27 Conscription
40:56 Bow Saw
41:25 Elite Magyar Huszar
42:43 Paladin
potato
12:25 Feudal Age
13:25 Loom
16:36 Castle Age
15:34 Horse Collar
17:10 Double-Bit Axe
18:48 Bow Saw
19:01 Heavy Plow
19:40 Gold Mining
20:35 Wheelbarrow
26:35 Imperial Age
26:32 Gold Shaft Mining
26:39 Padded Archer Armor
27:56 Caravan
30:30 Hand Cart
35:01 Leather Archer Armor
36:37 Two-Man Saw
37:13 Ring Archer Armor
38:52 Forging
38:48 Scale Barding Armor
39:57 Conscription
40:08 Husbandry
40:21 Bloodlines
41:25 Iron Casting
41:13 Elite Janissary
44:35 Blast Furnace
43:41 Stone Mining
Roy
6:57 Loom
9:20 Feudal Age
12:07 Horse Collar
13:00 Bloodlines
22:25 Castle Age
20:56 Fletching
21:07 Padded Archer Armor
23:08 Double-Bit Axe
23:26 Bodkin Arrow
23:47 Leather Archer Armor
23:34 Husbandry
28:34 Gold Mining
30:02 Heavy Plow
31:15 Wheelbarrow
30:25 Town Watch
36:11 Imperial Age
34:02 Hand Cart
35:41 Light Cavalry
36:19 Cranequins
37:10 Bracer
37:38 Ballistics
38:35 Conscription
38:56 Stone Mining
39:43 Crop Rotation
39:09 Heavy Mounted Crossbowman
40:55 Ring Archer Armor
41:34 Chemistry
41:48 Scale Barding Armor
41:28 Hussar
43:40 Capped Ram
LWV | planb
7:33 Loom
9:49 Feudal Age
10:18 Double-Bit Axe
11:38 Town Watch
16:54 Fletching
20:49 Wheelbarrow
23:50 Castle Age
22:35 Gold Mining
22:46 Padded Archer Armor
22:28 Horse Collar
23:55 Crossbowman
24:31 Bodkin Arrow
24:57 Bow Saw
27:14 Ballistics
28:25 Masonry
29:45 Stone Mining
32:29 Hand Cart
38:18 Imperial Age
36:26 Heavy Plow
37:59 Thumb Ring
38:14 Forging
38:05 Scale Mail Armor
38:09 Squires
38:43 Town Patrol
39:30 Iron Casting
38:26 Arbalester
42:12 Two-Man Saw
41:32 Masonry
41:27 Elite Skirmisher
42:10 Bracer
42:44 Chain Mail Armor
LWV | AndresO11
4:32 Loom
10:44 Feudal Age
15:39 Castle Age
14:40 Double-Bit Axe
14:41 Horse Collar
18:03 Bow Saw
18:59 Forging
19:12 Pikeman
25:28 Gold Mining
25:43 Grand Trunk Road
27:00 Wheelbarrow
26:35 Town Watch
27:33 Iron Casting
31:13 Imperial Age
29:34 Bloodlines
29:24 Husbandry
31:14 Elite Skirmisher
35:02 Chemistry
39:55 Fletching
40:24 Padded Archer Armor
42:10 Bodkin Arrow
42:32 Leather Archer Armor
Cous
7:44 Loom
11:06 Feudal Age
12:47 Double-Bit Axe
14:46 Scale Barding Armor
16:58 Castle Age
16:02 Horse Collar
16:38 Forging
16:31 Stone Mining
21:20 Husbandry
23:38 Bloodlines
27:08 Gold Mining
27:47 Bow Saw
29:17 Heavy Plow
31:30 Wheelbarrow
31:12 Fletching
34:42 Imperial Age
32:59 Squires
32:51 Pikeman
35:20 Iron Casting
35:08 Chain Barding Armor
38:23 Bodkin Arrow
39:29 Scale Mail Armor
40:02 Halberdier
41:09 Masonry
41:12 Siege Engineers
42:50 Conscription
42:09 Gothikon
42:58 Halberdier
Connection lost

Rejoining the realm…

Still unreachable

The connection could not be restored.

Session expired

The server has moved on; the page needs a fresh start.